 Dungeon Crawl Stone Soup version 0.27.1-37-g7b29ead8ac (console) character file.

Game seed: 2094854736823324369

423 grimtooth the Summoner (level 6, -1/41 HPs)
             Began as a Barachi Summoner on July 13, 2023.
             Was a Follower of Okawaru.
             Slain by a centaur (5 damage)
             ... on level 5 of the Dungeon on July 14, 2023.
             The game lasted 00:30:07 (6503 turns).

grimtooth the Summoner (Barachi Summoner)           Turns: 6503, Time: 00:30:07

Health: -1/41      AC:  8    Str: 10    XL:     6   Next: 95%
Magic:  6/9        EV: 11    Int: 16    God:    Okawaru [*.....]
Gold:   77         SH:  0    Dex: 13    Spells: 3/9 levels left

rFire    . . .     SeeInvis .   h - +0 dagger
rCold    + . .     Faith    .   (no shield)
rNeg     . . .     Spirit   .   m - +1 leather armour {rC+}
rPois    .         Reflect  .   (no helmet)
rElec    .         Harm     .   (no cloak)
rCorr    .         Rampage  .   (no gloves)
Will     .....                  (no boots)
Stlth    ++........             (no amulet)
HPRegen  0.13/turn              w - +4 ring of protection
MPRegen  0.11/turn              (no ring)

@: slow
A: amphibious, slowness 1, strong legs 1, +LOS
a: Hop, Renounce Religion, Heroism


You were on level 5 of the Dungeon.
You worshipped Okawaru.
Okawaru was aware of your devotion.
You visited 1 branch of the dungeon, and saw 5 of its levels.
You also visited: Ossuary.

You collected 329 gold pieces.
You spent 252 gold pieces at shops.

Inventory:

Hand Weapons
 e - a +0 dagger of holy wrath
 h - a +0 dagger (weapon)
Missiles
 a - 33 sling bullets
 c - 35 stones (quivered)
 j - 7 poisoned darts
Armour
 d - a +0 buckler
 m - a +1 leather armour of cold resistance (worn)
Jewellery
 w - a +4 ring of protection (left hand)
Wands
 l - a wand of iceblast (4)
 n - a wand of charming (7)
 y - a wand of flame (10)
Scrolls
 b - 3 scrolls of identify {@r4}
 f - a scroll of enchant armour
 i - a scroll of noise
 k - a scroll of fog
 q - 2 scrolls of amnesia
 r - a scroll of acquirement
 u - a scroll of vulnerability
 v - a scroll of teleportation
 x - a scroll of holy word {unknown}
 A - a scroll of silence {unknown}
Potions
 g - 3 potions of curing
 o - 3 potions of haste
 p - 2 potions of brilliance
 s - a potion of lignification
 t - a potion of flight
 z - a potion of mutation {unknown}


   Skills:
 + Level 3.0 Armour
 - Level 2.1 Dodging
 - Level 3.0 Stealth
 - Level 2.1 Spellcasting
 * Level 8.5 Summonings


You had 3 spell levels left.
You knew the following spells:

 Your Spells              Type           Power      Damage    Failure   Level
L - Summon Small Mammal   Summ           100%       N/A       1%          1
N - Call Canine Familiar  Summ           29%        N/A       2%          3
P - Call Imp              Summ           29%        N/A       1%          2

Your spell library contained the following spells:

 Spells                   Type           Power      Damage    Failure   Level
 Summon Guardian Golem    Hex/Summ       15%        N/A       14%         3
 Corpse Rot               Necr/Air       N/A        N/A       38%         2
 Poisonous Vapours        Pois/Air       2%         N/A       38%         2
 Conjure Flame            Conj/Fire      1%         6-21      63%         3
 Ignite Poison            Fire/Tmut/Pois 1%         N/A       63%         3
 Animate Armour           Summ/Erth      30%        N/A       43%         4
 Summon Lightning Spire   Summ/Air       15%        N/A       43%         4
 Sticky Flame             Conj/Fire      1%         2d3       95%         4
 Blade Hands              Tmut           0%         N/A       100%        5
 Freezing Cloud           Conj/Ice/Air   0%         6-21      100%        5
 Iron Shot                Conj/Erth      0%         9d1       100%        6


Dungeon Overview and Level Annotations

Branches:
Dungeon (5/15)             Temple (0/1) D:4         Ossuary (visited)

Altars:
Okawaru
Beogh

Shops:
D:2 *   D:3 ?([?

Annotations:
D:3 3 runed translucent doors, xaos's ghost, amateur HuCj
D:5 4 runed translucent doors, Menkaure


Innate Abilities, Weirdness & Mutations

You are amphibious.
You cover ground slowly.
You can hop short distances.
You have an extended range of vision and can be seen from far away.


Message History

You swap places.
The kobold brigand shouts!
You hear an angry hiss.
You now have 63 gold pieces (gained 4).
The vampire mosquito buzzes angrily.
Magic restored.
Your hound disappears in a puff of smoke!
HP restored.
There is a stone staircase leading up here.
A - a scroll labelled GUM SUOXTETT You now have 73 gold pieces (gained 10).
Menkaure, Prince of Dust comes into view.
Press: ? - help, . - travel You can't see that place. [the floor.] Placed new exclusion.
Found 4 gold pieces.
You now have 77 gold pieces (gained 4).
A centaur comes into view.
It is wielding a +1 dagger of electrocution.
The centaur shouts!
The centaur unwields a +1 dagger of electrocution.
It stops crackling.
The centaur wields a +0 shortbow.
The centaur shoots an arrow.
The arrow misses you.
The centaur shoots an arrow.
The arrow hits you.
The centaur shoots an arrow.
The arrow hits you.
Casting: Call Canine Familiar (dangerous; 2% risk of failure)
Confirm with . or Enter, or press ? or * to list all spells.
The centaur shoots an arrow.
The arrow hits you!
The centaur unwields a +0 shortbow.
The centaur wields a +1 dagger of electrocution.
You hear the crackle of electricity.
The centaur hits you with a +1 dagger of electrocution.
You are electrocuted!!
* * * LOW HITPOINT WARNING * * *
The centaur kicks you but does no damage.
You hit the centaur but do no damage.
Your hound barely misses the centaur.
The centaur hits you with a +1 dagger of electrocution.
* * * LOW HITPOINT WARNING * * *
The centaur kicks you but does no damage.
The centaur hits you with a +1 dagger of electrocution.
You die...

# ##.#############.#
###................#
##
.........#####.#####
#.
###..###.#####..###
##. #. #.#........##
.##.
#...######..##.##.
#..## ##....##. #
##.# #..####.
#..####.# #.......
#.....@h# +.##++##
##.####c# ###8yS8#
#.# #8....8 #..
#)....$ #..# #$....|
#.## #8....8 ..#
##8..8# ..# +.##++##
.# ....... #.##).#.
#.......


You could see a centaur (ally target) and a friendly hound (summoned).

Vanquished Creatures
  A phantom (D:4)
  Ijyb (D:4)
  An adder (D:4)
  An adder skeleton (D:4)
  3 dart slugs (D:2)
  A ball python (D:4)
  A giant cockroach (D:1)
  5 hobgoblins
  2 quokkas
  2 bats
  A frilled lizard (D:1)
  A hobgoblin zombie (Ossuary)
  3 kobolds (D:3)
  3 rats
26 creatures vanquished.

Vanquished Creatures (collateral kills)
  A phantom (D:4)
  3 scorpions
  A bullfrog zombie (D:3)
  A centaur skeleton (D:5)
  An iguana (D:4)
  8 mummies (Ossuary)
  An adder (D:2)
  An ufetubus (D:4)
  2 worms
  2 dart slugs
  10 orcs
  2 ball pythons (D:2)
  2 endoplasms
  3 giant cockroaches
  3 gnoll zombies (Ossuary)
  A goblin (D:3)
  3 hobgoblins
  A quokka (D:4)
  A bat (D:1)
  3 frilled lizards
  6 kobolds
  3 kobold zombies (Ossuary)
  An orc zombie (Ossuary)
  A rat (D:1)
61 creatures vanquished.

Vanquished Creatures (others)
  A goblin (D:3)
  3 fungi (D:3)
  A plant (D:3)
5 creatures vanquished.

Grand Total: 92 creatures vanquished

Notes
Turn   | Place    | Note
-------+----------+-------------------------------------------
     0 | D:1      | grimtooth the Barachi Summoner began the quest for the Orb.
     0 | D:1      | Reached XP level 1. HP: 13/13 MP: 3/3
   619 | D:1      | Reached skill level 5 in Summonings
   911 | D:1      | Reached XP level 2. HP: 18/19 MP: 5/5
  1142 | D:1      | Learned a level 2 spell: Call Imp
  1611 | D:1      | Found a faded altar of an unknown god.
  1776 | D:2      | Noticed a scorpion
  2079 | D:2      | Found Mon Enol's General Store.
  2143 | D:2      | Reached XP level 3. HP: 19/24 MP: 6/6
  2294 | D:2      | Noticed a scorpion
  2445 | D:2      | - did you just kill me
  2456 | D:2      | - finally
  2456 | D:2      | Killed a scorpion
  2457 | D:2      | Reached skill level 6 in Summonings
  2457 | D:2      | Reached XP level 4. HP: 7/30 MP: 1/7
  2681 | D:1      | Learned a level 3 spell: Call Canine Familiar
  2854 | D:2      | Killed a scorpion
  2944 | D:2      | Found an iron altar of Okawaru.
  3250 | D:2      | Bought a potion of curing for 30 gold pieces
  3287 | D:3      | Found Lampur's Antique Armour Boutique.
  3525 | D:2      | Became a worshipper of Warmaster Okawaru
  3579 | D:3      | Found Nyfahee's Magic Scroll Shoppe.
  3650 | D:3      | Reached XP level 5. HP: 35/35 MP: 2/8
  3991 | D:3      | Found Inkayho's Weapon Shop.
  4141 | D:3      | Found Hargh's Magic Scroll Boutique.
  4222 | D:3      | Reached skill level 7 in Summonings
  4297 | D:3      | Found a runed translucent gate.
  4298 | D:3      | Found a runed translucent gate.
  4299 | D:3      | Found a runed translucent gate.
  4300 | D:3      | Noticed xaos's ghost (amateur HuCj)
  4301 | D:3      | Noticed a kobold brigand
  4494 | D:4      | Noticed a phantom
  4498 | D:4      | Found a staircase to the Ecumenical Temple.
  4522 | D:4      | Noticed Ijyb
  4730 | D:4      | Noticed a phantom
  4755 | D:4      | Killed a phantom
  4756 | D:4      | Reached skill level 1 in Armour
  4877 | D:4      | Reached * piety under Okawaru
  4882 | D:4      | Found a sand-covered staircase.
  4887 | Ossuary  | Entered an ossuary
  4947 | Ossuary  | Reached XP level 6. HP: 41/41 MP: 3/9
  5345 | D:3      | Bought a scroll of identify for 24 gold pieces
  5345 | D:3      | Bought a scroll of identify for 24 gold pieces
  5345 | D:3      | Bought a scroll of identify for 24 gold pieces
  5345 | D:3      | Bought a scroll of identify for 24 gold pieces
  5345 | D:3      | Bought a scroll of identify for 24 gold pieces
  5345 | D:3      | Bought a scroll of identify for 24 gold pieces
  5407 | D:3      | Bought a scroll of identify for 24 gold pieces
  5407 | D:3      | Bought a scroll of identify for 24 gold pieces
  5416 | D:3      | Identified a scroll of acquirement
  5492 | D:2      | Bought a scroll of teleportation for 30 gold pieces
  5700 | D:4      | Killed Ijyb
  6015 | D:4      | Reached skill level 8 in Summonings
  6399 | D:5      | Entered Level 5 of the Dungeon
  6399 | D:5      | Found a large runed translucent door.
  6399 | D:5      | Found a large runed translucent door.
  6399 | D:5      | Found a large runed translucent door.
  6399 | D:5      | Found a large runed translucent door.
  6415 | D:5      | Noticed a vampire mosquito
  6464 | D:5      | Noticed Menkaure
  6503 | D:5      | Slain by a centaur

Illustrated notes

#............# #.#.#.# #
####.#...#######.#.#.#.#
#.#.#.# .......#.#.#
#.#.#>.. ..#.....#
#.#.####. #####.#.###
#.#... . .......#.####.#
#.##.. #.####.#...<....#
#..##.#..#.#...#.#..# #≈..
....#.....#.# #
#≈≈.###.##r#...#.#
........#8≈.....@s........
........#≈≈.###.###5...#.#
........#≈...†.........#.#
........#..#.##........#.#
........####.####......#.#
........#....# ..#...#
........#.#### .......
..†.....#.# ....##
..........# ....#
..######### ....# ..# ...


Turn 2445 on D:2: - did you just kill me ........# #.#.#.# # #...#######.#.#.#.#
#.#.# .......#.#.# #.#>.. ..#.....# #.####. #####.#.### #... . .......#.####.#
##.. #.####.#...<....# #..##.#..#.#...#.#..# #≈.. ....#.....#.# #
#≈≈.###.##.#...#.#..#..# .#8≈.........r..@........ .#≈≈.###.###.5s.#.#..#..#
.#≈...†......5r.#.# # .#..#.##........#.# .####.####......#.# .#....# #..#...#.#
.#.#### #.......... .#.# #.....##[... ...# #.....# .... #### #.....# ...#
#...... .... Turn 2456 on D:2: - finally

Levels and vault maps discovered:
D:1:      minmay_arrival_semitransparent, layout_loops_ring,
          hellmonk_ecumenical_altar_defaced_shrine, kennysheep_minor_cross,
          serial_bayou_pond_e, minmay_hedge_maze, minmay_pentomino_u4
D:2:      layout_basic, basic_altar, serial_shops, shop, moated_statue,
          kennysheep_boxes
D:3:      layout_loops_ring, serial_shops, shop, nicolae_shop_stone, shop, shop,
          gammafunk_ghost_nasty_kobolds
D:4:      layout_loops_ring, minmay_temple_entry_glass, enter_ossuary_2,
          uniq_ijyb
D:5:      layout_loops_ring, lemuel_doored_altar, minmay_hollow_rounded_squares,
          uniq_menkaure

Skill      XL: |  1  2  3  4  5  6 |
---------------+-------------------+-----
Stealth        | 2 3 |  3.0
Summonings     | 5 6 7 8 |  8.5
Armour         | 1 3 |  3.0
Dodging        | |  2.1
Spellcasting   | |  2.1

Action                   |  1- 3 |  4- 6 || total
-------------------------+-------+-------++-------
Melee: Dagger            |    87 |   128 ||   215
       Unarmed           |    12 |       ||    12
Throw: Stone             |    10 |     7 ||    17
       Dart              |       |     4 ||     4
 Cast: Summon Small Mamm |    23 |     6 ||    29
       Call Imp          |     7 |    15 ||    22
       Call Canine Famil |       |    18 ||    18
 Abil: Hop               |     1 |     1 ||     2
Evoke: Wand              |       |     1 ||     1
  Use: Potion            |     2 |     1 ||     3
       Scroll            |       |    10 ||    10
 Stab: Sleeping          |       |     6 ||     6
       Distracted        |       |     3 ||     3
Armor: Robe              |    19 |     2 ||    21
       Leather armour    |       |    33 ||    33
Dodge: Dodged            |    58 |    76 ||   134
